 Dungeon Crawl Stone Soup version 0.18.1-6-gd335043 (webtiles) character file.

6177 lightmor the Severer (level 10, 0/83 HPs)
             Began as a Minotaur Berserker on May 17, 2016.
             Was a High Priest of Trog.
             Slain by a vampire (7 damage)
             ... on level 9 of the Dungeon.
             The game lasted 00:15:42 (9735 turns).

lightmor the Severer (Minotaur Berserker)           Turns: 9735, Time: 00:15:42

Health: 0/83       AC:  7    Str: 25    XL:     10   Next: 60%
Magic:  9/9        EV: 14    Int:  4    God:    Trog [*****.]
Gold:   529        SH:  0    Dex: 10    Spells: 0 memorised, 9 levels left

rFire  . . .     SeeInvis .     B - +0 war axe
rCold  . . .     Gourm    .     b - +1 animal skin
rNeg   . . .     Faith    .     (no shield)
rPois  +         Spirit   .     (helmet restricted)
rElec  .         Dismiss  .     (no cloak)
rCorr  .         Reflect  .     (no gloves)
SustAt .         Harm     .     (no boots)
MR     .....                    (no amulet)
Stlth  ++........               o - +4 ring of protection
                                y - ring of poison resistance

@: not resistant to hostile enchantments, unstealthy
A: retaliatory headbutt, horns 2
a: Berserk, Trog's Hand, Brothers in Arms, Burn Spellbooks, Renounce Religion


You were on level 9 of the Dungeon.
You worshipped Trog.
Trog was extremely pleased with you.
You were not hungry.

You visited 1 branch of the dungeon, and saw 10 of its levels.

You collected 593 gold pieces.
You spent 64 gold pieces at shops.

Inventory:

Hand Weapons
 B - a +0 war axe (weapon)
Armour
 b - a +1 animal skin (worn)
Jewellery
 e - an uncursed ring of fire
 o - a +4 ring of protection (right hand)
 y - a ring of poison resistance (left hand)
 C - an uncursed ring of wizardry {unknown}
 I - an uncursed ring of ice {unknown}
Wands
 n - a wand of hasting (1/9)
 r - a wand of lightning (4/15)
 J - a wand of digging (11/24)
Scrolls
 d - a scroll of immolation
 g - 2 scrolls of teleportation
 u - 2 scrolls of blinking
 z - a scroll of enchant armour
 A - 4 scrolls of remove curse
 D - a scroll of magic mapping {unknown}
 K - a scroll of brand weapon {unknown}
Potions
 a - a potion of berserk rage
 i - a potion of flight
 j - 4 potions of curing
 l - a potion of invisibility
 p - 2 potions of cure mutation
 q - a potion of resistance {unknown}
 s - 3 potions of cancellation
 t - 3 potions of brilliance
 v - 2 potions of magic {unknown}
 w - 2 potions of mutation {unknown}
 E - 2 potions of lignification {unknown}
 F - a potion of haste {unknown}
 H - a potion of might {unknown}
Comestibles
 c - 8 bread rations
 f - 2 beef jerkies
 h - 8 meat rations
 k - a slice of pizza
 L - 15 fruits


   Skills:
 * Level 6.0 Fighting
 - Level 15.2 Axes
 * Level 4.4 Armour
 * Level 5.9 Dodging
 + Level 5.1 Stealth


You had 9 spell levels left.
You didn't know any spells.

Dungeon Overview and Level Annotations

Branches:
Dungeon (10/15)            Temple (0/1) D:4            Lair (0/8) D:8
    Orc: D:9-12

Altars:
Cheibriados
Elyvilon
Fedhas
Gozag
Pakellas
Sif Muna
Vehumet
Zin
The Shining One

Shops:
D:9 *   D:10 :


Innate Abilities, Weirdness & Mutations

You reflexively headbutt those who attack you in melee.
You have a pair of horns on your head.


Message History

You climb upwards.
There is a stone staircase leading down here.
Drink which item? (? for menu, Esc to quit)
You feel better.
Your skin stops crawling.
You feel less resistant to hostile enchantments.
Something hits you.
* * * LOW HITPOINT WARNING * * *
Something bites you.
* * * LOW HITPOINT WARNING * * *
Drink which item? (? for menu, Esc to quit)
You feel better. Something hits you!
* * * LOW HITPOINT WARNING * * *
Something barely misses you.
Read which item? (? for menu, Esc to quit)
As you read the scroll of fear, it crumbles to dust.
You assume a fearsome visage.
Nothing appears to happen.
Something hits you.
* * * LOW HITPOINT WARNING * * *
Something bites you!
You die...

#######.#### ####.### #. #.##
#..# ##. #..# ##.# #.. ##.#
#########'### #.# #####'##
#...........# ###'#
#......###...........#####....
#......))#......)....'..##....
#......#)#......[.>..##.##....
#......#)#...@.......##..'....
#......#.'...........#####....
#.....(###...........# #####
#......# #############
########


There were no monsters in sight!

Vanquished Creatures
  A deep elf mage (D:7)
  A spiny frog (D:8)
  The ghost of lightmor the Cleaver, a novice MiBe of Trog (D:6)
  A troll (D:10)
  5 yaks (D:10)
  A wyvern (D:8)
  A hippogriff (D:7)
  An ice beast (D:5)
  A sky beast (D:5)
  5 necrophages
  7 ogres
  A crocodile (D:7)
  3 centaurs
  2 big kobolds
  A gnoll sergeant (D:6)
  2 giant frogs
  A scorpion (D:7)
  An electric eel (D:8)
  3 howler monkeys
  2 crimson imps (D:8)
  2 giant frog zombies
  2 centaur zombies
  4 jellies
  4 hounds
  9 orc priests
  3 giant frog skeletons
  4 gnoll shamans
  2 iguanas
  A hell rat (D:8)
  8 orc wizards
  6 worker ants
  A killer bee zombie (D:8)
  3 hound skeletons
  2 worker ant zombies
  12 adders
  16 gnolls
  A river rat (D:8)
  3 shadow imps
  An adder zombie (D:6)
  2 worms
  3 dart slugs
  4 giant geckos
  47 orcs
  9 bats
  7 giant cockroaches
  14 hobgoblins
  4 jackals (D:1)
  20 kobolds
  4 quokkas
  4 ball pythons
  A giant newt (D:3)
  8 goblins
  A jackal skeleton (D:5)
  A jackal zombie (D:5)
  10 rats
  2 bushes (D:8)
  2 plants (D:8)
268 creatures vanquished.

Vanquished Creatures (collateral kills)
  A yak (D:10)
  A centaur (D:10)
2 creatures vanquished.

Vanquished Creatures (others)
  4 plants (D:8)
4 creatures vanquished.

Grand Total: 274 creatures vanquished

Notes
Turn   | Place    | Note
--------------------------------------------------------------
     0 | D:1      | lightmor the Minotaur Berserker began the quest for the Orb.
     0 | D:1      | Reached XP level 1. HP: 19/19 MP: 0/0
   325 | D:1      | Reached skill level 4 in Axes
   795 | D:1      | Reached XP level 2. HP: 26/26 MP: 1/1
   981 | D:1      | Reached skill level 5 in Axes
  1265 | D:2      | Reached XP level 3. HP: 27/31 MP: 2/2
  1274 | D:2      | Reached ** piety under Trog
  1980 | D:2      | Reached XP level 4. HP: 39/39 MP: 3/3
  1983 | D:2      | Reached skill level 6 in Axes
  2511 | D:3      | Reached XP level 5. HP: 13/45 MP: 4/4
  2574 | D:3      | Found a glowing golden altar of the Shining One.
  2575 | D:3      | Found a snail-covered altar of Cheibriados.
  2764 | D:3      | Reached skill level 7 in Axes
  2818 | D:3      | Reached *** piety under Trog
  2949 | D:3      | Reached skill level 1 in Stealth
  3174 | D:4      | Noticed an ogre
  3213 | D:4      | Reached XP level 6. HP: 31/51 MP: 5/5
  3215 | D:4      | Reached skill level 8 in Axes
  3584 | D:4      | Reached skill level 9 in Axes
  3712 | D:4      | Reached **** piety under Trog
  3723 | D:4      | Found a staircase to the Ecumenical Temple.
  3918 | D:4      | Reached XP level 7. HP: 57/57 MP: 6/6
  4188 | D:5      | Entered Level 5 of the Dungeon
  4342 | D:5      | Received a gift from Trog
  4347 | D:5      | Reached skill level 10 in Axes
  5083 | D:6      | Noticed lightmor's ghost (novice MiBe)
  5094 | D:6      | Killed lightmor's ghost
  5094 | D:6      | Reached skill level 11 in Axes
  5094 | D:6      | Reached XP level 8. HP: 64/64 MP: 7/7
  5603 | D:6      | Reached skill level 12 in Axes
  6048 | D:6      | Reached XP level 9. HP: 31/70 MP: 8/8
  6050 | D:6      | Reached skill level 13 in Axes
  6549 | D:7      | Found a white marble altar of Elyvilon.
  6560 | D:7      | Reached ***** piety under Trog
  6935 | D:7      | Noticed a deep elf mage
  6948 | D:7      | Killed a deep elf mage
  6948 | D:7      | Reached skill level 14 in Axes
  6978 | D:7      | Found a deep blue altar of Sif Muna.
  7133 | D:7      | Found a radiant altar of Vehumet.
  7202 | D:7      | Found a glowing silver altar of Zin.
  7203 | D:7      | Noticed an angel
  7414 | D:8      | Found a blossoming altar of Fedhas.
  7482 | D:8      | Reached skill level 15 in Axes
  7897 | D:8      | Found a staircase to the Lair.
  7898 | D:8      | Noticed a spiny frog
  7909 | D:8      | Killed a spiny frog
  7909 | D:8      | Reached XP level 10. HP: 78/79 MP: 9/9
  8058 | D:8      | Found an oddly glowing altar of Pakellas.
  8716 | D:9      | Found an opulent altar of Gozag.
  8819 | D:9      | Found Puicwe's Assorted Antiques.
  8827 | D:9      | Bought a scroll of identify for 64 gold pieces
  8871 | D:9      | Found a blossoming altar of Fedhas.
  9018 | D:9      | Reached skill level 5 in Fighting
  9437 | D:10     | Entered Level 10 of the Dungeon
  9481 | D:10     | Reached skill level 5 in Dodging
  9483 | D:10     | Reached skill level 5 in Stealth
  9689 | D:10     | Found Efapp's Book Shoppe.
  9735 | D:9      | Slain by a vampire

Skill      XL: |  1  2  3  4  5  6  7  8  9 10 |
---------------+-------------------------------+-----
Axes           | 4 5 6 7 9 11 12 15 | 15.2
Stealth        | 1 3 4 5 |  5.1
Fighting       | 4 6 |  6.0
Armour         | 3 4 |  4.4
Dodging        | 3 5 |  5.9

Action                   |  1- 3 |  4- 6 |  7- 9 | 10-12 || total
-------------------------+-------+-------+-------+-------++-------
Melee: Hand axe          |    82 |   137 |   174 |       ||   393
       Headbutt          |    18 |    27 |    67 |    25 ||   137
       War axe           |       |       |   185 |   115 ||   300
Invok: Berserk           |       |     3 |     3 |     2 ||     8
       Trog's Hand       |       |     1 |     4 |     2 ||     7
       Burn Spellbooks   |       |       |     1 |     1 ||     2
       Brothers in Arms  |       |       |       |     1 ||     1
Evoke: Wand              |       |       |       |     1 ||     1
  Use: Scroll            |       |     5 |     9 |     6 ||    20
       Potion            |       |       |     1 |     4 ||     5
 Stab: Sleeping          |       |     1 |     3 |     3 ||     7
       Distracted        |       |       |     1 |       ||     1
  Eat: Chunk             |     3 |     7 |    14 |     9 ||    33
       Bread ration      |       |     1 |       |       ||     1
Armor: Animal skin       |    12 |    22 |    84 |    27 ||   145
Dodge: Dodged            |    61 |    80 |   199 |    64 ||   404
